 Dungeon Crawl Stone Soup version 0.28-a0-932-g843f935a50 (webtiles) character file.

Game seed: 18364404098641037645

5 bande the Shield-Bearer (level 1, 0/14 HPs)
             Began as a Gargoyle Fighter on Nov 28, 2021.
             Engulfed by a cloud of steam (7 damage)
             ... on level 1 of the Dungeon.
             The game lasted 00:00:28 (146 turns).

bande the Shield-Bearer (Gargoyle Fighter)           Turns: 146, Time: 00:00:29

Health: 0/14       AC:  2    Str: 19    XL:     1   Next: 80%
Magic:  1/1        EV:  9    Int:  8    God:
Gold:   0          SH:  8    Dex:  9    Spells: 0/0 levels left

rFire   . . .      SeeInvis .   a - +0 war axe
rCold   . . .      Faith    .   e - +0 kite shield
rNeg    + . .      Spirit   .   (no armour)
rPois   ∞          Reflect  .   (no helmet)
rElec   +          Harm     .   (no cloak)
rCorr   .          Rampage  .   (no gloves)
Will    .....                   (no boots)
Stlth   +.........              (no amulet)
HPRegen 0.04/turn               (no ring)
MPRegen 0.07/turn               (no ring)

@: no status effects
A: sickness immunity, AC +2, negative energy resistance 1, electricity
resistance, torment resistance 1, petrification resistance
a: no special abilities


You were on level 1 of the Dungeon.
You visited 1 branch of the dungeon, and saw 1 of its levels.

Inventory:

Hand Weapons
 a - a +0 war axe (weapon)
Armour
 b - a +0 scale mail
 c - a +0 buckler
 e - a +0 kite shield (worn)
Potions
 d - a potion of might


   Skills:
 + Level 3.4 Fighting
 + Level 1.9 Axes
 + Level 3.3 Armour
 + Level 3.4 Shields


You couldn't memorise any spells.
You didn't know any spells.
Your spell library was empty.

Dungeon Overview and Level Annotations

Branches:
Dungeon (1/15)

Altars:


Innate Abilities, Weirdness & Mutations

You are immune to sickness and miasma.
Your stone body is resilient. (AC +2)
You are immune to poison.
You resist negative energy. (rN+)
You are resistant to electric shocks. (rElec)
You are resistant to unholy torment.
You are immune to petrification.


Message History

The kobold is moderately wounded.
The kobold closely misses you.
You completely miss the kobold.
The kobold is moderately wounded.
The kobold hits you but does no damage. The kobold hits you with a +0 club.
You hit the kobold.
You kill the kobold!
No target in view!
No target in view!
No target in view!
A ball python comes into view.
You slash the ball python!
You kill the ball python!
You see here a +0 kite shield.
e - a +0 kite shield You start removing your armour.
You continue taking off your +0 buckler. x4
You finish taking off your +0 buckler.
You start putting on your armour.
You continue putting on your +0 kite shield. x5
You finish putting on your +0 kite shield.
Drop what? 5/52 slots (_ for help) (? for menu, Esc to quit)
Drop what? 5/52 slots (_ for help) (? for menu, Esc to quit)
Okay, then.
Unknown command.
Drop what? 5/52 slots (_ for help) (? for menu, Esc to quit)
You start removing your armour.
You continue taking off your +0 scale mail. x4
You finish taking off your +0 scale mail.
You drop a +0 scale mail.
b - a +0 scale mail You are engulfed in a cloud of scalding steam.
Keep equipping yourself?
You start putting on your armour.
You continue putting on your +0 scale mail.
You are engulfed in a cloud of scalding steam.
You continue putting on your +0 scale mail.
You are engulfed in a cloud of scalding steam.
Ouch! That really hurt!
You die...

#..####.#.## ##......
≈..........### ##..##...
≈≈...........###..###...
≈≈≈..........†....# #...
≈≈≈≈..........##.## ####
≈≈≈≈≈≈§§§§.....#.##
≈≈≈≈≈§§§§..........
≈≈≈≈≈§§§.§....##.##
≈≈≈≈≈§§@§.§...##.#
≈≈§≈≈§§§§.....#..#
≈≈≈≈§§§....##.#.##
≈≈≈≈§§§.§..##...
≈≈≈≈≈......# ##.#
≈≈≈≈......## .#
≈≈≈≈......# #
.≈≈.......#


There were no monsters in sight!

Vanquished Creatures
  An endoplasm (D:1)
  A hobgoblin (D:1)
  A kobold (D:1)
  A ball python (D:1)
  A rat (D:1)
5 creatures vanquished.

Notes
Turn   | Place    | Note
-------+----------+-------------------------------------------
     0 | D:1      | bande the Gargoyle Fighter began the quest for the Orb.
     0 | D:1      | Reached XP level 1. HP: 14/14 MP: 1/1
   146 | D:1      | Engulfed by a cloud of steam

Illustrated notes

Levels and vault maps discovered:
D:1:      lemuel_arrival_broad_hall, layout_rooms,
          shapermc_ecumenical_altar_totnotflames, lemuel_old_faithful

Action                   || total
-------------------------++-------
Melee: War axe           ||    19
Armor: Scale mail        ||    14
Dodge: Dodged            ||     9
Block: Buckler           ||     3

Table legend: (Time is in decaauts)
 A = Elapsed time spent in this place.
 B = Non-inter-level travel time spent in this place.
 C = Inter-level travel time spent in this place.
 D = Time resting spent in this place.
 E = Time spent auto-exploring this place.
 F = Levels seen in this place.
 G = Mean time per level.
                   A        B        C        D        E       F      G
               +--------+--------+--------+--------+--------+-----+--------+
         Total |    153 |    153 |      0 |      0 |     67 |   1 |  153.0 |
       Dungeon |    153 |    153 |      0 |      0 |     67 |   1 |  153.0 |
               +--------+--------+--------+--------+--------+-----+--------+

Top non-repeatable levels by time:
     D:1: 153 daAuts
